AoeStats
← KU3K - Prince Charles

Nomad

509118610Analyzed
4v4 RM · 7d ago on Sep 25, 2026· 51m 20s· 8 players
Game mode
Random Map
Map size
231×231
Population
200
Speed
Normal
Resources
Standard
Victory
Conquest
Starting age
Dark Age
Ending age
Imperial Age
RankedLock teamsTeams togetherTeam positionsShared explorationLock speedFull tech treeHidden civsTurbo modeCheats
Victory
Defeat
🇭🇰 Franks · Hong Kong SAR China
1141
+17
🇭🇰 Poles · Hong Kong SAR China
1141
+17
🇭🇰 Armenians · Hong Kong SAR China
1141
+17
🇭🇰 Vietnamese · Hong Kong SAR China
1140
+17
🇨🇳 Franks · China
1300
-21
🇫🇷 Vietnamese · France
1149
-17
🇨🇳 Celts · China
1116
-15
🇹🇼 Spanish · Taiwan
1113
-15
即刻救援
12:14 Loom
14:11 Feudal Age
21:21 Castle Age
20:24 Double-Bit Axe
20:51 Stone Mining
23:05 Fletching
24:21 Bloodlines
26:52 Gold Mining
27:38 Stone Shaft Mining
26:52 Horse Collar
28:16 Bow Saw
32:36 Wheelbarrow
34:46 Husbandry
36:28 Hand Cart
40:53 Imperial Age
39:10 Light Cavalry
39:59 Scale Barding Armor
40:04 Forging
41:11 Hussar
猪队友怕不怕
5:34 Loom
14:11 Feudal Age
15:39 Double-Bit Axe
20:24 Castle Age
19:56 Horse Collar
22:10 Wheelbarrow
21:47 Bow Saw
22:19 Stone Mining
22:36 Heavy Plow
22:29 Pikeman
28:18 Scale Mail Armor
30:46 Chain Mail Armor
30:49 Arson
37:19 Imperial Age
35:51 Fletching
39:24 Plate Mail Armor
39:28 Capped Ram
42:30 Hand Cart
42:35 Forging
43:16 Gold Mining
44:03 Stone Shaft Mining
44:41 Iron Casting
44:33 Siege Ram
47:02 Blast Furnace
50:29 Halberdier
一一
5:59 Loom
14:01 Feudal Age
18:24 Castle Age
17:01 Double-Bit Axe
18:23 Town Watch
25:22 Fishing Lines
31:34 Wheelbarrow
32:45 Husbandry
34:45 Scale Barding Armor
34:51 Forging
35:21 Bow Saw
36:10 Hand Cart
38:04 Chain Barding Armor
42:39 Imperial Age
40:58 Iron Casting
41:20 Town Patrol
43:39 Chivalry
44:00 Conscription
44:07 Cavalier
45:41 Paladin
Digit
4:19 Loom
13:51 Feudal Age
18:17 Castle Age
21:42 Scale Mail Armor
25:56 Wheelbarrow
26:08 Elite Skirmisher
26:45 Double-Bit Axe
27:26 Squires
27:44 Fletching
29:54 Bodkin Arrow
29:59 Stone Mining
31:39 Chain Mail Armor
33:34 Bow Saw
35:47 Gold Mining
37:19 Horse Collar
38:03 Forging
40:39 Imperial Age
38:44 Heavy Plow
40:21 Ballistics
41:29 Hand Cart
41:04 Arson
40:44 Imperial Skirmisher
42:06 Iron Casting
42:51 Crop Rotation
44:11 Two-Man Saw
44:07 Plate Mail Armor
44:03 Elite Fire Lancer
KU3K - sAmple
3:12 Loom
12:48 Feudal Age
18:00 Castle Age
19:26 Double-Bit Axe
20:49 Forging
27:18 Town Watch
27:40 Husbandry
27:50 Scale Barding Armor
29:22 Husbandry
31:28 Chain Barding Armor
36:05 Imperial Age
34:01 Gold Mining
36:48 Iron Casting
36:42 Bow Saw
36:32 Cavalier
38:29 Wheelbarrow
40:38 Plate Barding Armor
41:04 Blast Furnace
41:16 Paladin
43:06 Hand Cart
43:32 Scale Mail Armor
44:57 Conscription
47:15 Gold Shaft Mining
46:31 Stone Mining
49:50 Chivalry
KU3K - Grace
3:56 Loom
14:09 Feudal Age
19:22 Castle Age
24:45 Double-Bit Axe
25:38 Wheelbarrow
34:00 Imperial Age
33:32 Bow Saw
35:08 Padded Archer Armor
34:58 Fletching
36:54 Hand Cart
38:23 Elite Rattan Archer
39:31 Ballistics
39:32 Bodkin Arrow
39:52 Leather Archer Armor
39:32 Gold Mining
39:32 Stone Mining
40:44 Two-Man Saw
39:33 Horse Collar
40:44 Pikeman
42:16 Bracer
42:46 Ring Archer Armor
43:25 Ring Archer Armor
44:56 Chemistry
43:52 Murder Holes
43:44 Halberdier
49:35 Elite Rattan Archer
50:30 Fortified Wall
50:26 Siege Engineers
51:45 Forging
51:35 Scale Mail Armor
KU3K - Prince Charles
6:05 Loom
14:01 Feudal Age
15:11 Double-Bit Axe
20:30 Castle Age
18:45 Fletching
20:19 Padded Archer Armor
21:21 Wheelbarrow
20:38 Horse Collar
21:28 Bow Saw
22:01 Bodkin Arrow
21:45 Elite Skirmisher
22:59 Leather Archer Armor
24:09 Heavy Plow
24:53 Bloodlines
24:43 Husbandry
25:08 Scale Barding Armor
34:41 Imperial Age
33:42 Chain Barding Armor
35:39 Ballistics
37:54 Imperial Skirmisher
40:01 Thumb Ring
40:20 Bracer
42:24 Crop Rotation
42:56 Chemistry
44:03 Conscription
44:25 Forging
45:04 Hand Cart
45:47 Hoardings
46:09 Cavalier
48:09 Iron Casting
48:13 Light Cavalry
KU3K - Gump
4:57 Loom
14:03 Feudal Age
17:04 Double-Bit Axe
17:13 Gold Mining
17:35 Fletching
19:46 Castle Age
19:40 Stone Mining
23:17 Wheelbarrow
25:11 Crossbowman
25:39 Horse Collar
27:18 Padded Archer Armor
28:45 Medium Warships
28:33 Bodkin Arrow
28:54 Leather Archer Armor
28:54 Heavy Plow
28:54 Crossbowman
31:28 Scale Mail Armor
31:53 Bow Saw
33:17 Gold Shaft Mining
36:18 Imperial Age
36:45 Gold Shaft Mining
36:27 Chain Mail Armor
36:22 Forging
35:33 Man-at-Arms
35:35 Pikeman
36:54 Hand Cart
36:52 Halberdier
36:52 Long Swordsman
37:58 Masonry
38:19 Conscription
38:02 Squires
37:48 Gambesons
37:49 Arson
38:36 Plate Mail Armor
39:12 Ballistics
38:41 Two-Handed Swordsman
39:28 Fereters
40:04 Iron Casting
39:38 Town Watch
41:34 Treadmill Crane
42:18 Champion
49:15 Blast Furnace
48:46 Ring Archer Armor
51:54 Bracer
51:18 Arbalester
Connection lost

Rejoining the realm…

Still unreachable

The connection could not be restored.

Session expired

The server has moved on; the page needs a fresh start.